 Dungeon Crawl Stone Soup version 0.31-a0-150-g89dc3ad700 (webtiles) character file.

Game seed: 609997213517619668

214 qw the Shooter (level 5, -6/45 HPs)
             Began as a Minotaur Hunter on June 8, 2023.
             Killed by divine providence
             ... invoked by an orc priest
              (13 damage)
             ... on level 2 of the Dungeon.
             The game lasted 00:00:30 (1018 turns).

qw the Shooter (Minotaur Hunter)                    Turns: 1018, Time: 00:00:30

Health: -6/45      AC:  5    Str: 15    XL:     5   Next: 59%
Magic:  4/4        EV: 11    Int:  6    God:
Gold:   92         SH:  0    Dex: 16    Spells: 4/4 levels left

rFire   . . .        Y - +0 shortbow
rCold   . . .        (shield currently unavailable)
rNeg    . . .        d - +0 ring mail
rPois   .            (helmet restricted)
rElec   .            (no cloak)
rCorr   .            (no gloves)
SInv    .            (no boots)
Will    .....        (no amulet)
Stlth   +            (no ring)
HPRegen 0.27/turn    (no ring)
MPRegen 0.09/turn

%: no passive effects
@: no status effects
A: horns 2, retaliatory headbutt
a: no special abilities


You were on level 2 of the Dungeon.
You visited 1 branch of the dungeon, and saw 2 of its levels.

You collected 92 gold pieces.


Innate Abilities, Weirdness & Mutations

You have a pair of horns on your head.
You reflexively headbutt those who attack you in melee.


   Skills:
 + Level 3.1 Fighting
 - Level 7.3 Ranged Weapons
 - Level 1.0 Armour
 - Level 2.1 Dodging
 - Level 0.7 Stealth


You had 4 spell levels left.
You didn't know any spells.
Your spell library was empty.

Inventory:

Hand Weapons
 Y - a +0 shortbow (weapon)
Armour
 d - a +0 ring mail (worn)
Jewellery
 b - a ring of wizardry
Scrolls
 a - a scroll of teleportation {unknown}
 c - a scroll of fear {unknown}
Potions
 e - 2 potions of brilliance {unknown}

Dungeon Overview and Level Annotations

Branches:
Dungeon (2/15)

Altars:


Message History

Enter note:
Enter note:
Enter note: You shoot an arrow.
The orc shouts! x2; The ball python hisses angrily.
The arrow hits the orc wizard but does no damage.
An orc priest comes into view. It is wielding a +0 whip.
A giant cockroach comes into view.
You shoot an arrow. The orc priest shouts!
The arrow hits the ball python but does no damage.
An orc priest comes into view. It is wielding a +0 dagger.
The orc wizard gestures at you while chanting.
The puff of flame misses you.
You shoot an arrow.
The arrow hits the ball python but does no damage.
You shoot an arrow. The arrow hits the ball python!
You kill the ball python!
You shoot an arrow. The arrow hits the orc wizard.
The orc wizard is moderately wounded.
The orc priest casts a cantrip, but nothing happens.
You shoot an arrow. The arrow barely misses the orc.
The orc hits you but does no damage.
The orc priest invokes the aid of Beogh against you.
Beogh smites you!
You shoot an arrow.
The arrow closely misses the orc wizard.
The orc priest begins to cast a cantrip, but forgets the words!
The orc hits you but does no damage.
The orc priest invokes the aid of Beogh against you.
Beogh smites you! The giant cockroach misses you. You furiously retaliate!
You headbutt the giant cockroach!
You kill the giant cockroach!
You shoot an arrow. The arrow hits the orc wizard.
The orc wizard is severely wounded.
The orc priest mumbles some strange prayers to Beogh against you.
Beogh smites you! The orc barely misses you.
The orc priest calls down the wrath of Beogh upon you.
Beogh smites you!
You die...

#.###...... ##
#.......### ####.
##..##..##
#$...#######..!##.##
#.#...........# #.#
.............####.#
####...............#
....o.........%....#
#
..~..oo@.......###.#
## ....o.o%###....#
#..###. .......##
#....# ##.##..
....... #.....#
#..#.# ..~..#.
#.#...# ##...#
.....#. .......#
#..#.# ### ####
....#.#...####.##.#
...
..###.#....#..(##..
#.# #.#.#####.


You could see 2 orc priests, an orc wizard and 2 orcs.

Vanquished Creatures
  Sigmund (D:2)
  2 adders (D:2)
  A worm (D:2)
  5 ball pythons (D:2)
  4 bats
  4 endoplasms
  2 giant cockroaches (D:2)
  3 hobgoblins
  4 jackals (D:1)
  4 quokkas (D:1)
  3 frilled lizards
  A kobold (D:2)
  5 rats
39 creatures vanquished.

Notes
Turn   | Place    | Note
-------+----------+-------------------------------------------
     0 | D:1      | qw the Minotaur Hunter began the quest for the Orb.
     0 | D:1      | Reached XP level 1. HP: 18/18 MP: 0/0
     0 | D:1      | 0 ||| qw: Version: 0.2-a-119-g7aa9181
     0 | D:1      | 0 ||| qw: Game counter: 2863
     0 | D:1      | 0 ||| qw: Always use a shield: true
     0 | D:1      | 0 ||| qw: God list: Okawaru
     0 | D:1      | 0 ||| qw: Allow faded altars: false
     0 | D:1      | 0 ||| qw: Do Orc after D:15 true
     0 | D:1      | 0 ||| qw: Do second Lair branch before Depths: true
     0 | D:1      | 0 ||| qw: Lair rune preference: random
     0 | D:1      | 0 ||| qw: Plans: Normal
     0 | D:1      | 0 ||| PLANNING D:1-11
    24 | D:1      | Found a faded altar of an unknown god.
    99 | D:1      | Reached XP level 2. HP: 25/25 MP: 1/1
   104 | D:1      | Reached skill level 5 in Ranged Weapons
   268 | D:1      | Reached skill level 3 in Fighting
   571 | D:1      | 571 ||| UPGRADING to +0 ring mail.
   581 | D:1      | 581 ||| DROPPING +0 leather armour.
   582 | D:1      | 582 ||| READING scroll labelled VUJ DUICASAN.
   583 | D:1      | 583 ||| READING scroll labelled FUDI HEARIWINA.
   584 | D:1      | 584 ||| READING scroll labelled ZESOCK RIOMEOR.
   585 | D:1      | 585 ||| DROPPING scroll of butterflies.
   608 | D:2      | Identified the +5 hand axe "Zoifaokh" {drain, *Rage rElec
                  | rF+++ Int+2}
   680 | D:2      | Reached skill level 1 in Armour
   680 | D:2      | Reached XP level 3. HP: 23/31 MP: 2/2
   759 | D:2      | HP: 7/31 [poisoned by an adder]
   764 | D:2      | HP: 4/31 [poisoned by an adder]
   978 | D:2      | Noticed Sigmund
   984 | D:2      | Killed Sigmund
   985 | D:2      | Reached skill level 7 in Ranged Weapons
   985 | D:2      | Reached XP level 4. HP: 38/38 MP: 3/3
   985 | D:2      | Reached XP level 5. HP: 45/45 MP: 4/4
  1018 | D:2      | HP: 7/45 [orc priest/divine providence (13)]
  1018 | D:2      | Killed from afar by an orc priest

Levels and vault maps discovered:
D:1:      elethiomel_arrival_quiet, layout_basic,
          shapermc_ecumenical_altar_starsandcircs
D:2:      cheibrodos_pilgrimage, layout_rooms, minmay_tripent, uniq_sigmund

Skill      XL: |  1  2  3 |
---------------+----------+-----
Ranged Weapons | 5 7 |  7.3
Fighting       | 3 |  3.1
Armour         | 1 |  1.0
Dodging        | |  2.1
Stealth        | |  0.7

Action                     |  1- 3 |  4- 6 || total
---------------------------+-------+-------++-------
   Fire: Shortbow          |   116 |    12 ||   128
    Use: Scroll            |     3 |       ||     3
 Armour: Leather armour    |     2 |       ||     2
         Ring mail         |    14 |     3 ||    17
  Dodge: Dodged            |    24 |     4 ||    28

Table legend:
 A = Non-vault XP
 B = Vault XP
 C = Vault XP percentage of total XP
 D = Non-vault monster count
 E = Vault monster count
 F = Vault count percentage of total count
                 A         B        C        D         E       F
            +---------+---------+-------+---------+---------+-------
      Total |      90 |     216 |  70.6 |      36 |       3 |   7.7
            +---------+---------+-------+---------+---------+-------
        D:1 |      33 |       0 |   0.0 |      18 |       0 |   0.0
        D:2 |      57 |     216 |  79.1 |      18 |       3 |  14.3
            +---------+---------+-------+---------+---------+-------
